 Dungeon Crawl Stone Soup version 0.31-a0-204-g7da18cac08 (webtiles) character file.

Game seed: 5240452112254440355

515 innerfire43 the Trooper (level 7, -5/56 HPs)
             Began as a Demonspawn Monk on June 27, 2023.
             Was an Elder of Qazlal.
             Slain by Duvessa
             ... wielding a +0 short sword
              (10 damage)
             ... on level 4 of the Dungeon.
             The game lasted 00:03:38 (2350 turns).

innerfire43 the Trooper (Demonspawn Monk)           Turns: 2350, Time: 00:03:39

Health: -5/56      AC:  4    Str: 13    XL:     7   Next: 0%
Magic:  7/7        EV: 14    Int: 15    God:    Qazlal [****..]
Gold:   138        SH:  5    Dex: 17    Spells: 6/6 levels left

rFire   . . .        y - +0 hand axe (heavy)
rCold   + . .        d - orb {light}
rNeg    . . .        b - +0 robe
rPois   .            n - +1 helmet {Int+3}
rElec   .            (no cloak)
rCorr   .            (no gloves)
SInv    .            (no boots)
Will    .....        (no amulet)
Stlth   +            m - ring of protection from cold
HPRegen 2.29/turn    x - ring of flight
MPRegen 0.10/turn

%: repel missiles
@: flying, glowing
A: thin skeletal structure 1, powered by death 2, spiny 2, demonic touch 1
a: Renounce Religion, Upheaval, Elemental Force


You were on level 4 of the Dungeon.
You worshipped Qazlal.
Qazlal was greatly pleased with you.
You visited 1 branch of the dungeon, and saw 4 of its levels.

You collected 138 gold pieces.

Inventory:

Hand Weapons
 a - a +0 hand axe of venom
 w - a +1 whip of electrocution
 y - a +0 heavy hand axe (weapon)
Missiles
 l - 2 throwing nets
Armour
 b - a +0 robe (worn)
 d - an orb of light (worn)
 n - a +1 helmet of intelligence (worn)
Jewellery
 m - a ring of protection from cold (left hand)
 x - a ring of flight (right hand)
Scrolls
 f - a scroll of vulnerability
 i - 3 scrolls of blinking {unknown}
 k - a scroll of revelation
 v - a scroll of amnesia
Potions
 c - a potion of heal wounds {unknown}
 e - a potion of enlightenment
 g - 2 potions of curing {unknown}
 h - 2 potions of mutation {unknown}
 j - 2 potions of degeneration {unknown}
 p - 2 potions of haste {unknown}
 q - 2 potions of cancellation {unknown}


   Skills:
 + Level 5.2 Fighting
 + Level 4.7 Axes
 + Level 4.7 Dodging


You had 6 spell levels left.
You didn't know any spells.
Your spell library was empty.

Dungeon Overview and Level Annotations

Branches:
Dungeon (4/15)
 Temple: D:4-7

Altars:
Qazlal
Wu Jian

Shops:
D:1 ?

Annotations:
D:4 Duvessa


Innate Abilities, Weirdness & Mutations

You have a somewhat thin skeletal structure. (Dex +2, Stealth+)
You regenerate health from kills.
You are mostly covered in sharp spines.
Your touch may inflict minor irresistible damage on your foes.


Message History

Found a black potion.
No target in view!
Key pressed, stopping explore.
No target in view!
No target in view!
An iguana, Duvessa and Dowan come into view.
Duvessa is wielding a +0 short sword and carrying a wand of digging (6).
Dowan shouts!
The iguana bites you!
There is an open door, spattered with blood here.
There are monsters nearby!
You hit the iguana but do no damage. The iguana is struck by your spines.
The iguana barely misses you. The iguana is struck by your spines.
The iguana bites you!
You hit the iguana but do no damage.
The iguana is moderately wounded.
You closely miss Dowan. The iguana is struck by your spines.
The iguana bites you!
Dowan is engulfed in blazing flames.
You block Dowan's attack.
You are too injured to fight recklessly!
You are too injured to fight recklessly!
There are monsters nearby!
Unknown command.
You are too injured to fight recklessly!
You are too injured to fight recklessly!
Unknown command.
You are too injured to fight recklessly!
You slash Duvessa!
Duvessa is moderately wounded.
You slash the iguana! You hit Dowan. The iguana bites you!
Dowan is engulfed in blazing flames.
You kill Dowan!
Qazlal accepts your kill.
Duvessa screams in rage.
Duvessa goes berserk!
Duvessa hits you with a +0 short sword!
* * * LOW HITPOINT WARNING * * *
The iguana bites you.
* * * LOW HITPOINT WARNING * * *
Duvessa hits you with a +0 short sword!
You die...

#.).....# #.......#
##.....## ##...##
#####+#######'#######+
#.....................
#...§○°...............
#...○.................
#.###@#######'#######+
#○el# ##.).##
#☼.°..###.....##
#.......#.......#
#.......#.......#
#...!...#.......#
##.....###.....##
##...## ##...## #####


You could see Duvessa (berserk) and an iguana.

Vanquished Creatures
  Menkaure (D:4)
  An ogre (D:4)
  Dowan (D:4)
  3 orc priests
  An orc wizard (D:3)
  Robin (D:2)
  4 gnolls (D:2)
  3 adders
  2 dart slugs
  13 orcs
  11 ball pythons
  9 bats
  2 endoplasms
  2 giant cockroaches
  14 goblins
  7 hobgoblins
  4 jackals (D:3)
  3 quokkas
  8 frilled lizards
  4 kobolds
  4 rats
98 creatures vanquished.

Notes
Turn   | Place    | Note
-------+----------+-------------------------------------------
     0 | D:1      | innerfire43 the Demonspawn Monk began the quest for the
                  | Orb.
     0 | D:1      | Reached XP level 1. HP: 18/18 MP: 1/1
   284 | D:1      | Gained mutation: You regenerate a little health from kills.
                  | [demonic ancestry]
   284 | D:1      | Reached XP level 2. HP: 12/24 MP: 2/2
   545 | D:1      | Found a faded altar of an unknown god.
   655 | D:1      | Prayed at the altar of an unknown god.
   655 | D:1      | Became a worshipper of Qazlal Stormbringer
   655 | D:1      | Reached * piety under Qazlal
   655 | D:1      | Reached ** piety under Qazlal
   917 | D:1      | Found Dyowics's Magic Scroll Boutique.
   973 | D:2      | Gained mutation: You are partially covered in sharp spines.
                  | [demonic ancestry]
   973 | D:2      | Reached XP level 3. HP: 28/29 MP: 3/3
   979 | D:2      | Reached *** piety under Qazlal
  1050 | D:2      | Noticed Robin
  1057 | D:2      | Gained mutation: Your touch may inflict minor irresistible
                  | damage on your foes. [demonic ancestry]
  1057 | D:2      | Reached XP level 4. HP: 37/37 MP: 4/4
  1061 | D:2      | Killed Robin
  1122 | D:2      | Found an ornate altar of the Wu Jian Council.
  1148 | D:2      | Reached skill level 4 in Fighting
  1326 | D:3      | Gained mutation: You have a somewhat thin skeletal
                  | structure. (Dex +2, Stealth+) [demonic ancestry]
  1326 | D:3      | Reached XP level 5. HP: 35/42 MP: 5/5
  1336 | D:3      | Reached **** piety under Qazlal
  1467 | D:3      | Identified the +1 mace of the Contumacious God {holy, rN+
                  | MP+9}
  2229 | D:4      | Noticed Menkaure
  2239 | D:4      | Killed Menkaure
  2240 | D:4      | Gained mutation: You regenerate health from kills. [demonic
                  | ancestry]
  2240 | D:4      | Reached XP level 6. HP: 44/50 MP: 6/6
  2297 | D:4      | Reached skill level 5 in Fighting
  2327 | D:4      | Gained mutation: You are mostly covered in sharp spines.
                  | [demonic ancestry]
  2327 | D:4      | Reached XP level 7. HP: 56/56 MP: 7/7
  2346 | D:4      | Noticed Duvessa
  2346 | D:4      | Noticed Dowan
  2350 | D:4      | Killed Dowan
  2350 | D:4      | Slain by Duvessa

Illustrated notes

Levels and vault maps discovered:
D:1:      dpeg_arrival_tiny_d, layout_loops_ring, serial_shops,
          nicolae_shop_rolled_up, shapermc_ecumenical_altar_mp_ritualfount,
          minmay_shallow_snake_nest
D:2:      layout_rooms, basic_altar, uniq_robin
D:3:      layout_loops_corners, minmay_pentomino_pile
D:4:      kennysheep_six_static_rooms, layout_loops_ring, uniq_duvessa,
          uniq_menkaure

Skill      XL: |  1  2  3  4  5  6 |
---------------+-------------------+-----
Dodging        | 3 4 |  4.7
Axes           | 3 4 |  4.7
Fighting       | 4 5 |  5.2

Action                     |  1- 3 |  4- 6 |  7- 9 || total
---------------------------+-------+-------+-------++-------
  Melee: Hand axe          |    81 |   122 |     3 ||   206
    Use: Scroll            |       |     9 |       ||     9
         Potion            |       |     1 |       ||     1
 Armour: Robe              |    12 |    23 |       ||    35
  Dodge: Dodged            |    71 |    68 |     1 ||   140
  Block: Orb               |     7 |    18 |     1 ||    26

Table legend: (Time is in decaauts)
 A = Elapsed time spent in this place.
 B = Non-inter-level travel time spent in this place.
 C = Inter-level travel time spent in this place.
 D = Time resting spent in this place.
 E = Time spent auto-exploring this place.
 F = Levels seen in this place.
 G = Mean time per level.
                   A        B        C        D        E       F      G
               +--------+--------+--------+--------+--------+-----+--------+
         Total |   2375 |   2260 |    115 |      0 |   1742 |   4 |  593.8 |
       Dungeon |   2375 |   2260 |    115 |      0 |   1742 |   4 |  593.8 |
               +--------+--------+--------+--------+--------+-----+--------+

Top non-repeatable levels by time:
     D:1: 973 daAuts
     D:3: 905 daAuts
     D:2: 345 daAuts
     D:4: 151 daAuts
